 Dungeon Crawl Stone Soup version 0.21.1-1-g345015f (webtiles) character file.

20 letownia2 the Insei (level 2, -4/21 HPs)
             Began as a Merfolk Transmuter on Mar 19, 2018.
             Was an Initiate of Cheibriados.
             Slain by Grinder (6 damage)
             ... while paralysed by Grinder
             ... on level 5 of the Dungeon.
             The game lasted 00:03:13 (581 turns).

letownia2 the Insei (Merfolk Transmuter)             Turns: 581, Time: 00:03:13

Health: -4/21      AC:  2    Str: 11    XL:     2   Next: 79%
Magic:  4/5        EV:  2    Int: 13    God:    Cheibriados [......]
Gold:   67         SH:  0    Dex: 15    Spells: 2/5 levels left

rFire    . . .     SeeInvis .     - Unarmed
rCold    . . .     Gourm    .   (no shield)
rNeg     . . .     Faith    .   b - +0 robe
rPois    .         Spirit   .   (no helmet)
rElec    .         Reflect  .   (no cloak)
rCorr    .         Harm     .   (no gloves)
MR       .....                  (no boots)
Stlth    +.........             (no amulet)
HPRegen  0.07/turn              (no ring)
MPRegen  0.09/turn              (no ring)

@: paralysed, slow
A: change form in water, swift swim, stealthy swim
a: Bend Time, Renounce Religion


You were on level 5 of the Dungeon.
You worshipped Cheibriados.
Cheibriados was noncommittal.
You were not hungry.

You visited 2 branches of the dungeon, and saw 6 of its levels.

You collected 67 gold pieces.

Inventory:

Missiles
 a - 10 arrows
 f - 33 poisoned needles
 k - 4 tomahawks (quivered)
Armour
 b - a +0 robe (worn)
Jewellery
 o - a cursed ring of loudness {unknown}
Wands
 n - a wand of random effects (26)
Scrolls
 h - 2 scrolls of identify {unknown}
 i - a scroll of remove curse {unknown}
 j - a scroll of noise {unknown}
 l - a scroll of teleportation {unknown}
Potions
 e - a potion of haste {unknown}
 g - a potion of ambrosia {unknown}
 m - a potion of brilliance {unknown}
Books
 c - a book of Changes

   Spells                             Type                      Level
   a - Beastly Appendage              Transmutation                1
   b - Sticks to Snakes               Transmutation                2
   c - Spider Form                    Transmutation/Poison         3
   d - Ice Form                       Ice/Transmutation            4
   e - Blade Hands                    Transmutation                5
Comestibles
 d - 2 rations


   Skills:
 - Level 1.1 Fighting
 - Level 2.6 Dodging
 + Level 4.4 Unarmed Combat
 - Level 2.0 Spellcasting
 - Level 2.6 Transmutations


You had 2 spell levels left.
You knew the following spells:

 Your Spells              Type           Power        Failure   Level  Hunger
a - Beastly Appendage     Tmut           #.....       9%          1    ##.....
l - Sticks to Snakes      Tmut           #.......     13%         2    ###....


Dungeon Overview and Level Annotations

Branches:
Dungeon (5/15)             Temple (1/1) D:4

Altars:
Cheibriados
Fedhas
Gozag
Hepliaklqana
Makhleb
Nemelex Xobeh
Sif Muna
Vehumet
Wu Jian
Yredelemnul
Zin
The Shining One

Shops:
D:5 (

Annotations:
D:5 Grinder


Message History

You see here a brass ring.
o - a brass ring Grinder gestures at you.
Pain shoots through your body!
Ouch! That really hurt!
You swap places.
Your ball python barely misses Grinder.
Your ball python grabs Grinder.
Your ball python constricts Grinder.
Your ball python barely misses Grinder.
Your ball python constricts Grinder.
Grinder hits your ball python.
Your ball python writhes in agony.
Your ball python dies!
Unknown command.
Grinder blinks!
Found a paperback book.
Found a throwing net.
Grinder gestures at you.
You suddenly lose the ability to move!
Grinder hits you!
* * * LOW HITPOINT WARNING * * *
You writhe in agony.
You die...

#.#.##.##.# #..#
#.#..#.##.####..####.
#.##.#.##............
#.##.#.######...#####
.....# #...#####
####.#### #........
##.......#####...#####
#....5##.#...........#
#..##@................
# #.##.#...........#
#:##.#####........
.....# #...#####
##.#### #...# ...
....... .#( #.##.##.#
. . #. #.# .#


You could see Grinder.

Vanquished Creatures
  5 orcs
  2 bats (D:1)
  A hobgoblin (D:1)
  2 quokkas
  3 frilled lizards
  2 rats
15 creatures vanquished.

Notes
Turn   | Place    | Note
-------+----------+-------------------------------------------
     0 | D:1      | letownia2 the Merfolk Transmuter began the quest for the Orb.
     0 | D:1      | Reached XP level 1. HP: 15/15 MP: 3/3
   170 | D:3      | Reached XP level 2. HP: 20/21 MP: 1/5
   174 | D:3      | Reached skill level 4 in Unarmed Combat
   227 | D:5      | Entered Level 5 of the Dungeon
   227 | D:5      | Found Qolyablo's Antique Weapon Shop.
   270 | D:4      | Learned a level 2 spell: Sticks to Snakes
   318 | D:4      | Found a staircase to the Ecumenical Temple.
   328 | Temple   | Entered the Ecumenical Temple
   422 | Temple   | Became a worshipper of Cheibriados the Contemplative
   563 | D:5      | Noticed Grinder
   563 | D:5      | Paralysed by Grinder for 5 turns
   579 | D:5      | Paralysed by Grinder for 6 turns
   581 | D:5      | Slain by Grinder

Skill      XL: |  1  2 |
---------------+-------+-----
Unarmed Combat | 4 |  4.4
Fighting       | |  1.1
Dodging        | |  2.6
Spellcasting   | |  2.0
Transmutations | |  2.6

Action                   || total
-------------------------++-------
Melee: Unarmed           ||    47
       Headbutt          ||     6
       Punch             ||     1
 Cast: Beastly Appendage ||    14
       Sticks to Snakes  ||     2
 Stab: Sleeping          ||     1
Armor: Robe              ||     9
Dodge: Dodged            ||    45
